Map: Babylon LE

Players

ShoWTimE

  • Race: Protoss Protoss
  • Spawn Location: 11:00

RagnaroK (SHIN) - Winner!

  • Race: Zerg Zerg
  • Spawn Location: 5:00

Event: ESL SC2 Masters 2023 Summer (Finals)

VOD

Have the link to the VOD?

Description

Time

  • Played on: June 16, 2023, 2:31 p.m.
  • Length: 12:56

All games in this series

Show
View Real Time Build Order
Export as new Build Order

ShoWTimE Protoss 

Build Orders: 1 Gate Expand, Oracle Opening, Zealot Archon 

Get SALT Encoding   

  12  0:00  Probe  
  13  0:12  Probe  
  14  0:19  Pylon  
  14  0:24  Probe  
  15  0:37  Probe (Chrono Boost)  
  15  0:39  Gateway  
  16  0:46  Probe (Chrono Boost)  
  17  0:50  Assimilator  
  17  0:52  Probe  
  18  1:04  Probe  
  19  1:16  Probe  
  20  1:27  Nexus  
  20  1:36  Cybernetics Core  
  20  1:39  Probe  
  21  1:45  Assimilator  
  21  1:51  Probe  
  22  1:54  Pylon  
  22  2:03  Probe  
  23  2:10  Adept (Chrono Boost)  
  26  2:15  Probe  
  26  2:22  Stargate  
  26  2:28  Probe (Chrono Boost)  
  27  2:30  Adept (Chrono Boost)  
  27  2:35  Warp Gate  
  29  2:39  Probe (Chrono Boost)  
  31  2:45  Probe (Chrono Boost)  
  31  2:48  Probe (Chrono Boost)  
  32  2:52  Probe (Chrono Boost), Adept  
  32  2:53  Probe (Chrono Boost)  
  36  3:04  Probe  
  36  3:05  Probe, Oracle (Chrono Boost)  
  38  3:11  Pylon  
  41  3:16  Probe  
  41  3:17  Probe  
  43  3:22  Adept  
  45  3:28  Probe  
  45  3:29  Probe, Gateway  
  47  3:37  Oracle (Chrono Boost)  
  47  3:40  Probe  
  51  3:41  Probe  
  51  3:47  Pylon  
  52  3:52  Probe  
  52  3:53  Probe  
  54  4:06  Nexus  
  54  4:07  Probe x2  
  54  4:09  Pylon  
  56  4:10  Oracle (Chrono Boost)  
  59  4:21  Assimilator  
  59  4:24  Probe  
  59  4:25  Probe, Assimilator  
  59  4:28  Adept x2  
  65  4:34  Pylon  
  65  4:36  Probe  
  65  4:37  Probe  
  67  4:45  Forge  
  67  4:48  Gateway  
  67  4:49  Probe  
  67  4:51  Probe  
  69  4:53  Robotics Facility  
  69  5:01  Probe  
  69  5:04  Probe, Sentry  
  69  5:05  Sentry  
  71  5:13  Probe  
  72  5:15  Protoss Ground Weapons Level 1 (Chrono Boost)  
  72  5:16  Probe  
  72  5:20  Probe  
  74  5:25  Probe  
  74  5:28  Probe  
  76  5:30  Shield Battery  
  76  5:32  Probe  
  76  5:34  Twilight Council  
  77  5:37  Probe  
  77  5:40  Probe  
  73  5:46  Pylon, Observer (Chrono Boost)  
  73  5:47  Probe  
  73  5:49  Probe, Robotics Bay  
  76  5:51  Zealot x3  
  76  5:54  Probe  
  76  5:55  Assimilator  
  83  5:58  Immortal (Chrono Boost)  
  83  5:59  Assimilator  
  83  6:02  Pylon  
  83  6:03  Probe  
  88  6:09  Gateway  
  88  6:10  Gateway  
  88  6:14  Charge, Photon Cannon  
  88  6:18  Dark Shrine  
  88  6:26  Warp Prism (Chrono Boost)  
  88  6:27  Probe x2  
  88  6:29  Zealot x2  
  96  6:34  Zealot  
  96  6:35  Pylon  
  98  6:40  Probe  
  99  6:51  Gateway x2  
  99  6:55  Disruptor (Chrono Boost)  
  99  6:56  Gateway  
  99  6:57  Pylon  
  102  7:04  Stalker x3  
  102  7:07  Protoss Ground Weapons Level 2 (Chrono Boost)  
  102  7:08  Probe  
  108  7:09  Probe  
  108  7:10  Pylon  
  108  7:11  Pylon  
  109  7:21  Probe  
  110  7:23  Disruptor (Chrono Boost)  
  110  7:27  Probe  
  114  7:32  Pylon  
  114  7:33  Dark Templar x4  
  122  7:38  Archon x2  
  122  7:39  Nexus  
  122  7:41  Probe x2  
  122  7:42  Probe  
  125  7:49  Pylon  
  125  7:53  Probe, Shield Battery  
  125  7:54  Disruptor (Chrono Boost)  
  125  7:55  Photon Cannon  
  126  8:02  Probe x2  
  128  8:10  Zealot  
  128  8:11  Zealot x4  
  138  8:19  Pylon  
  138  8:21  Assimilator x2  
  138  8:24  Disruptor (Chrono Boost)  
  138  8:27  Dark Templar x3  
  145  8:33  Gateway, Archon  
  145  8:34  Dark Templar  
  148  8:40  Pylon  
  148  8:41  Archon  
  148  8:43  Pylon  
  148  8:50  Probe x3  
  151  8:55  Gateway  
  151  8:57  Gateway  
  129  9:10  Pylon  
  129  9:11  Dark Templar x5, Assimilator  
  129  9:15  Archon  
  129  9:16  Archon  
  139  9:19  Dark Templar  
  139  9:20  Probe  
  139  9:21  Probe  
  143  9:25  Warp Prism (Chrono Boost), Archon  
  143  9:27  Probe (Chrono Boost)  
  144  9:32  Probe (Chrono Boost)  
  144  9:34  Probe x2 (Chrono Boost)  
  137  9:43  Probe (Chrono Boost)  
  137  9:44  Probe x3 (Chrono Boost)  
  138  9:46  Pylon  
  138  9:48  Probe (Chrono Boost)  
  138  9:49  Probe x2 (Chrono Boost)  
  138  9:50  Probe, Dark Templar x3  
  137  9:54  Archon  
  137  9:56  Shield Battery  
  137  9:58  Probe  
  138  10:00  Probe x2  
  138  10:02  Probe  
  141  10:11  Probe  
  141  10:12  Probe x2  
  124  10:14  Probe, Zealot  
  124  10:15  Zealot x4  
  124  10:18  Zealot  
  137  10:25  Zealot x3  
  124  10:28  Probe  
  124  10:29  Probe  
  124  10:32  Probe  
  118  10:46  Dark Templar  
  118  10:49  Nexus  
  119  10:55  Disruptor (Chrono Boost)  
  119  11:02  Dark Templar x2  
  126  11:07  Archon  
  126  11:08  Zealot x3  
  110  11:12  Probe x3  
  107  11:36  Pylon  
  107  11:40  Pylon  
  107  11:44  Dark Templar x5  
  117  11:47  Archon x2  
  117  11:48  Dark Templar  
  117  11:54  Archon  
  119  11:57  Probe  
  119  11:58  Probe x2  
  122  12:01  Probe  
  123  12:09  Probe, Zealot x2  
  123  12:10  Probe  
  123  12:15  Stalker x2  
  125  12:21  Probe  
  124  12:22  Probe  
  124  12:25  Probe  
  102  12:41  Zealot x7  
Show
View Real Time Build Order
Export as new Build Order

RagnaroK Zerg - Winner!

Build Orders: Hatch First 

Get SALT Encoding   

  12  0:00  Drone  
  13  0:07  Drone  
  14  0:16  Overlord  
  14  0:40  Hatchery  
  13  0:43  Drone  
  13  0:46  Drone  
  15  0:51  Drone  
  15  0:55  Drone  
  17  1:05  Drone  
  17  1:09  Extractor  
  17  1:16  Drone  
  18  1:19  Spawning Pool  
  17  1:27  Drone  
  18  1:38  Drone  
  19  1:48  Drone  
  19  1:52  Drone  
  21  2:00  Drone  
  22  2:05  Queen  
  22  2:06  Queen, Zergling x2  
  27  2:10  Overlord  
  27  2:13  Metabolic Boost  
  27  2:17  Zergling x2  
  28  2:32  Hatchery  
  28  2:35  Drone  
  28  2:38  Drone  
  28  2:40  Drone  
  28  2:43  Drone  
  31  2:49  Queen  
  33  2:54  Overlord  
  33  2:57  Drone  
  34  3:01  Zergling x4  
  36  3:12  Queen  
  38  3:14  Drone x3  
  38  3:15  Drone  
  38  3:17  Drone  
  43  3:20  Drone  
  43  3:23  Overlord  
  44  3:27  Spore Crawler  
  44  3:28  Drone  
  44  3:35  Overlord  
  44  3:38  Overlord  
  44  3:41  Queen  
  44  3:44  Drone  
  44  3:45  Drone  
  44  3:48  Drone  
  49  3:50  Drone x2  
  51  3:59  Zergling x4  
  51  4:00  Spore Crawler  
  51  4:01  Drone  
  51  4:02  Drone x2  
  54  4:04  Drone  
  54  4:05  Drone  
  56  4:10  Queen  
  56  4:14  Zergling x2  
  56  4:15  Drone  
  56  4:16  Drone  
  61  4:17  Drone  
  61  4:19  Drone  
  61  4:22  Drone x2  
  61  4:23  Drone  
  65  4:28  Drone, Evolution Chamber  
  65  4:29  Drone  
  66  4:34  Overlord, Drone  
  66  4:35  Drone  
  65  4:39  Drone x2  
  65  4:40  Drone  
  68  4:45  Drone  
  68  4:46  Drone  
  68  4:49  Overlord  
  71  4:52  Drone  
  71  4:53  Drone x2  
  71  4:54  Zerg Melee Weapons Level 1  
  71  4:56  Baneling Nest  
  71  4:59  Drone x3  
  74  5:01  Drone  
  74  5:05  Zergling x4  
  75  5:08  Zergling x2  
  75  5:09  Drone  
  75  5:14  Drone  
  75  5:19  Drone x3  
  75  5:21  Drone  
  79  5:25  Lair  
  79  5:27  Extractor, Overlord  
  78  5:28  Drone  
  78  5:29  Drone  
  78  5:31  Drone x2  
  78  5:32  Drone  
  78  5:34  Hatchery  
  82  5:36  Drone  
  82  5:37  Drone x2  
  82  5:40  Extractor  
  82  5:41  Extractor  
  82  5:42  Drone x2  
  79  5:45  Spore Crawler  
  79  5:48  Drone  
  79  5:52  Drone x3  
  79  5:53  Zergling x2  
  79  5:55  Extractor  
  79  5:56  Overlord  
  82  5:57  Zergling x2  
  82  5:58  Zergling x12  
  89  6:05  Overlord  
  89  6:07  Zergling x2  
  90  6:13  Overlord  
  90  6:16  Hatchery  
  90  6:17  Zergling x4  
  91  6:22  Zergling x8  
  95  6:27  Hydralisk Den  
  95  6:30  Overlord  
  95  6:31  Overseer  
  95  6:32  Zergling x6  
  97  6:33  Zergling x6  
  100  6:41  Drone x3, Centrifugal Hooks  
  103  6:47  Drone x2  
  103  6:50  Zerg Melee Weapons Level 2  
  103  6:52  Overlord  
  105  6:54  Drone x2  
  105  6:56  Hydralisk x3, Grooved Spines  
  105  6:58  Drone  
  105  6:59  Drone x6  
  120  7:10  Drone x4  
  120  7:11  Spore Crawler  
  120  7:14  Extractor  
  122  7:17  Hydralisk, Overseer  
  122  7:18  Hydralisk x4  
  122  7:20  Overlord  
  130  7:26  Drone x3  
  130  7:27  Hydralisk  
  130  7:28  Hydralisk  
  136  7:32  Overlord  
  136  7:33  Zergling x10  
  141  7:40  Spine Crawler, Zergling x2  
  141  7:41  Zergling x4  
  143  7:45  Zergling x10  
  143  7:47  Overlord  
  143  7:48  Hydralisk  
  143  7:49  Zergling x4  
  150  7:53  Zergling x2  
  150  7:54  Zergling x8  
  150  7:55  Drone x2  
  157  8:00  Zergling x2  
  157  8:04  Overlord x4  
  157  8:05  Overlord  
  158  8:06  Overlord  
  158  8:07  Zergling x2  
  158  8:08  Muscular Augments  
  159  8:13  Zergling x2  
  159  8:14  Zergling x8  
  159  8:19  Baneling x21  
  163  8:20  Baneling x3  
  163  8:21  Baneling x3  
  163  8:23  Zergling x2  
  163  8:25  Baneling x2  
  164  8:30  Hydralisk  
  164  8:31  Zergling x14  
  164  8:33  Baneling x4  
  172  8:37  Drone x2  
  172  8:38  Extractor, Drone, Baneling  
  172  8:39  Baneling x2  
  172  8:40  Baneling  
  174  8:41  Zergling x8  
  174  8:45  Baneling  
  174  8:46  Baneling  
  174  8:48  Zergling x14  
  182  8:55  Zergling x2  
  182  8:56  Zergling x16  
  167  9:03  Zergling x18  
  167  9:06  Baneling x8  
  167  9:08  Baneling x6  
  167  9:09  Baneling  
  175  9:12  Zerg Missile Weapons Level 1  
  175  9:15  Drone x2  
  175  9:16  Zergling x8  
  181  9:17  Baneling x4  
  181  9:20  Baneling x2  
  180  9:25  Zergling x18  
  180  9:28  Baneling x6  
  185  9:32  Zergling x10  
  185  9:37  Baneling x6  
  186  9:46  Zergling x24  
  186  9:49  Baneling  
  186  9:50  Baneling x10  
  195  9:56  Hydralisk  
  195  9:57  Zergling x4  
  199  10:01  Infestation Pit  
  199  10:05  Zergling x8  
  199  10:14  Hydralisk, Zergling x18  
  171  10:15  Zergling x10  
  171  10:19  Zergling x10  
  176  10:25  Zergling x10  
  176  10:28  Hydralisk x3  
  167  10:30  Hydralisk  
  167  10:33  Hydralisk x2  
  167  10:34  Baneling x7  
  167  10:35  Baneling x5  
  175  10:38  Hydralisk, Zergling x2  
  175  10:39  Zergling x4  
  178  10:43  Zergling x10  
  175  10:50  Hydralisk  
  175  10:51  Hydralisk  
  175  10:53  Baneling x4  
  175  10:54  Baneling x2  
  178  10:58  Drone x3, Overseer  
  178  11:00  Drone, Spore Crawler  
  178  11:02  Spine Crawler  
  178  11:03  Zergling x16  
  178  11:04  Zergling x2  
  188  11:07  Zergling x2, Hive  
  161  11:11  Hydralisk  
  161  11:12  Zergling x6  
  161  11:14  Hydralisk x2  
  168  11:20  Overseer  
  168  11:21  Hydralisk x3  
  171  11:27  Drone x3  
  171  11:29  Hydralisk x3  
  177  11:39  Spire  
  176  11:44  Hydralisk, Zergling x2  
  176  11:45  Zergling x8  
  176  11:47  Extractor, Hatchery  
  181  11:51  Extractor  
  181  11:52  Spine Crawler  
  181  11:54  Drone x3, Spine Crawler  
  181  11:56  Extractor  
  181  11:57  Drone  
  181  11:58  Drone x2  
  183  12:01  Zergling x10  
  183  12:04  Overseer  
  187  12:14  Hydralisk, Zergling x14  
  187  12:15  Zergling x8  
  193  12:23  Baneling  
  193  12:24  Baneling x3  
  193  12:29  Overlord x3  
  191  12:30  Overlord  
  191  12:31  Overlord  
  191  12:34  Overlord  
  191  12:36  Overlord  
  161  12:38  Zergling x4  
Tags
 
Add a new tag
Caveats
  • Supply blocks, unpowered buildings, or Contaminate may cause inaccurate times.
  • Supply counts are checked every 10 seconds.